 Dungeon Crawl Stone Soup version 0.20.0-8-g6b59dc7 (webtiles) character file.

213312 skittles the Bludgeoner (level 18, -3/157 HPs)
             Began as a Grey Draconian Fire Elementalist on May 29, 2017.
             Was a High Priest of Vehumet.
             Slain by an alligator snapping turtle (42 damage)
             ... on level 3 of the Shoals on May 30, 2017.
             The game lasted 03:53:14 (50559 turns).

skittles the Bludgeoner (DrFE)                     Turns: 50559, Time: 03:53:15

Health: -3/157     AC: 20    Str: 11    XL:     18   Next: 64%
Magic:  26/32      EV: 19    Int: 22    God:    Vehumet [*****.]
Gold:   3306       SH:  8    Dex: 13    Spells: 6/38 levels left

rFire    + . .     SeeInvis .   i - +7 eveningstar (crush)
rCold    . . .     Gourm    .   J - +3 buckler {reflect}
rNeg     . . .     Faith    .   (armour unavailable)
rPois    .         Spirit   .   (helmet restricted)
rElec    .         Reflect  +   (no cloak)
rCorr    .         Harm     .   v - +1 pair of gloves
MR       +....                  Q - +2 pair of boots {Stlth+}
Stlth    +++.......             y - amulet of magic regeneration
Regen    0.4/turn               R - ring of fire
MPRegen  0.4/turn               x - ring of protection from cold

@: lethally poisoned (-3 -> -3), about to teleport
A: walk through water, unfitting armour, blink, wild magic 1, unbreathing,
cold-blooded, AC +15
a: Blink, Renounce Religion


You were on level 3 of the Shoals.
You worshipped Vehumet.
Vehumet was extremely pleased with you.
You were very hungry.

You visited 7 branches of the dungeon, and saw 31 of its levels.
You also visited: Bailey and Volcano.

You collected 3398 gold pieces.
You spent 92 gold pieces at shops.

Inventory:

Hand Weapons
 d - a +1 great mace of venom
 i - a +7 eveningstar of crushing (weapon)
 W - the +6 shillelagh "Devastator" {shatter}
   (You found it on level 6 of the Lair of Beasts)
 X - the +2 trident of Destiny {pain, rF- SInv Stlth+}
   (You found it on level 14 of the Dungeon)

   In the hands of one skilled in necromantic magic, it inflicts extra damage on
   living creatures.
   It makes you vulnerable to fire.
   It lets you see invisible.
   It makes you more stealthy.
Armour
 s - the +1 cloak of Boengafang {rPois MP-9 Str+4}
   (You acquired it on level 1 of the Shoals)

   It affects your strength (+4).
   It protects you from poison.
   It affects your magic capacity (-9).
 v - a +1 pair of gloves (worn)
 J - a +3 buckler of reflection (worn)
 Q - a +2 pair of boots of stealth (worn)
Jewellery
 b - an uncursed ring of flight
 g - an uncursed ring of poison resistance
 m - an uncursed ring of resist corrosion
 t - an uncursed ring of positive energy
 x - a ring of protection from cold (right hand)
 y - an amulet of magic regeneration (around neck)
 R - a ring of fire (left hand)
 S - an uncursed ring of protection from magic
Wands
 I - a wand of digging (10/24)
Scrolls
 o - 15 scrolls of teleportation
 p - 2 scrolls of magic mapping
 r - 4 scrolls of fog
 w - a scroll of recharging
 A - 3 scrolls of enchant armour
 C - 2 scrolls of blinking
 E - 2 scrolls of fear
 G - 7 scrolls of remove curse
 O - 3 scrolls of amnesia
 P - a scroll of holy word
 Y - 2 scrolls of identify
Potions
 c - 2 potions of invisibility
 e - 18 potions of curing
 f - 3 potions of lignification
 h - 7 potions of haste
 j - 8 potions of brilliance
 l - 2 potions of flight
 n - 7 potions of might
 q - 3 potions of resistance
 u - a potion of agility
 D - 2 potions of cancellation
 F - 5 potions of heal wounds
 H - a potion of ambrosia
 K - 2 potions of magic
 U - 4 potions of berserk rage
Books
 z - a book of Power

   Spells                             Type                      Level
   a - Iskenderun's Battlesphere      Conjuration/Charms           5
   b - Venom Bolt                     Conjuration/Poison           5
   c - Bolt of Magma                  Conjuration/Fire/Earth       5
   d - Iron Shot                      Conjuration/Earth            6
   e - Orb of Destruction             Conjuration                  7
   f - Spellforged Servitor           Conjuration/Summoning        7
 M - a book of Air

   Spells                             Type                      Level
   a - Shock                          Conjuration/Air              1
   b - Swiftness                      Charms/Air                   2
   c - Static Discharge               Conjuration/Air              3
   d - Airstrike                      Air                          4
   e - Lightning Bolt                 Conjuration/Air              5
 Z - a book of Changes

   Spells                             Type                      Level
   a - Beastly Appendage              Transmutation                1
   b - Sticks to Snakes               Transmutation                2
   c - Spider Form                    Transmutation/Poison         3
   d - Ice Form                       Ice/Transmutation            4
   e - Blade Hands                    Transmutation                5
Miscellaneous
 a - a lightning rod (4/4)
 T - a phantom mirror
 V - a crystal ball of energy
Comestibles
 k - a bread ration
 B - a royal jelly
 L - a meat ration
 N - 3 chunks of flesh


   Skills:
 - Level 13.2 Fighting
   Level 0.0(10.7) Axes
 - Level 16.0 Maces & Flails
 - Level 12.0 Dodging
 - Level 1.7 Stealth
 - Level 4.0 Shields
 - Level 10.8 Spellcasting
 + Level 12.8 Conjurations
 - Level 11.5 Fire Magic
 + Level 13.9 Earth Magic


You had 6 spell levels left.
You knew the following spells:

 Your Spells              Type           Power        Failure   Level  Hunger
a - Flame Tongue          Conj/Fire      #####        1%          1    None
b - Conjure Flame         Conj/Fire      #######.     1%          3    None
c - Sticky Flame          Conj/Fire      #######.     1%          4    #......
d - Fireball              Conj/Fire      #######...   1%          5    ####...
e - Blink                 Tloc           N/A          13%         2    None
f - Throw Icicle          Conj/Ice       ######..     1%          4    #......
g - Bolt of Fire          Conj/Fire      #######...   2%          6    ######.
h - Iron Shot             Conj/Erth      #######...   1%          6    ######.
i - Apportation           Tloc           ###...       9%          1    None


Dungeon Overview and Level Annotations

Branches:
Dungeon (15/15)            Temple (1/1) D:4            Lair (6/6) D:8
 Shoals (3/4) Lair:4        Snake (3/4) Lair:2        Slime (0/5) Lair:6
    Orc (2/2) D:10            Elf (1/3) Orc:2        Vaults (0/5) D:14
 Depths (0/5) D:15

Altars:
Ashenzari
Cheibriados
Dithmenos
Elyvilon
Fedhas
Gozag
Hepliaklqana
Kikubaaqudgha
Makhleb
Nemelex Xobeh
Okawaru
Qazlal
Ru
Sif Muna
Trog
Uskayaw
Vehumet
Xom
Yredelemnul
Zin
The Shining One
Jiyva

Shops:
D:5 *   D:13 [   Orc:2 **[:(   Shoals:1 *   Snake:1 %

Portals:
Hell: Lair:6

Annotations:
D:6 2 transporters


Innate Abilities, Weirdness & Mutations

You can walk through water.
Your dull iron-grey scales are very hard. (AC +15)
You cannot fit into any form of body armour.
You can survive without breathing.
You are cold-blooded and may be slowed by cold attacks.
You can translocate small distances at will.
Your spells are a little harder to cast, but a little more powerful.


Message History

You see here a poisoned javelin.
You feel very sick.
The merfolk javelineer is engulfed in a cloud of scalding steam.
The merfolk javelineer throws a poisoned javelin.
The poisoned javelin hits you!
* * * LOW HITPOINT WARNING * * *
You are lethally poisoned!
The merfolk is engulfed in a cloud of scalding steam.
The alligator snapping turtle bites you from afar!
* * * LOW HITPOINT WARNING * * *
You see here a poisoned javelin.
You feel better.
The merfolk javelineer throws a poisoned javelin.
The poisoned javelin hits you.
* * * LOW HITPOINT WARNING * * *
You are poisoned.
As you read the scroll of teleportation, it crumbles to dust.
You feel strangely unstable.
You feel sick.
The alligator snapping turtle bites you from afar!!!
You die...

≈≈≈≈≈≈≈≈≈≈≈≈≈≈≈≈≈...≈≈.≈≈≈≈......
≈≈≈≈≈≈≈≈≈≈≈≈≈≈≈≈≈≈≈≈≈≈≈≈≈≈≈≈.....
≈≈≈≈≈≈≈≈≈≈≈≈≈≈≈≈≈≈≈≈≈≈≈≈≈≈≈≈.≈≈..
≈ ≈≈≈≈≈≈≈≈≈≈≈≈≈≈≈≈≈≈≈≈≈≈≈≈≈≈≈....
≈ .≈≈≈≈≈≈≈≈≈≈≈≈≈.≈≈≈≈≈≈≈≈..≈≈/.≈≈
. #..≈≈≈≈≈≈≈≈≈≈.≈≈≈≈..≈..).≈≈≈≈≈≈
. ##..≈≈≈≈≈≈≈≈≈≈≈≈≈...≈.#..≈≈≈≈≈≈
. ...≈≈≈≈≈(((((≈≈≈≈≈≈≈≈.....≈≈†..
.....≈≈≈(≈≈≈t(@≈≈≈≈≈}......†...
≈..≈≈≈)≈.(≈.m###....≈≈.≈...††..
.#..≈≈.......###...≈≈..≈....).≈
##.≈...≈≈m≈..#..≈≈≈..≈≈..≈.).)
...)..≈≈≈≈≈≈.....≈≈...≈≈...).≈
....§))≈m≈........≈...≈≈...≈...
..≈≈§(≈≈≈[......≈....≈....≈≈..)
≈P§≈≈§..###.≈≈≈.......≈≈≈≈≈≈≈
≈.≈≈≈≈P.# #..≈≈.......≈≈≈≈≈≈≈


You could see an alligator snapping turtle, a merfolk javelineer and 2 merfolk.

Vanquished Creatures
  Frances (Shoals:1)
  3 krakens
  A nagaraja (Snake:3)
  A tengu reaver (D:13)
  A fire giant (D:10)
  An orc warlord (Orc:2)
  Aizul (Snake:3)
  Louise (Shoals:1)
  The ghost of Gorglomux the Fighter, a journeyman DDAK of Makhleb (Lair:4)
  Azrael (D:14)
  3 merfolk impalers (Shoals:3)
  Josephine (D:11)
  A fire dragon (Volcano)
  2 yaktaur captains
  A rakshasa (D:14)
  A great orb of eyes (shapeshifter) (D:15)
  Fannar (Lair:1)
  8 vault guards (D:14)
  9 naga warriors
  7 hydras
  An anaconda (shapeshifter) (D:15)
  3 centaur warriors
  An alligator snapping turtle (Shoals:2)
  3 merfolk aquamancers
  6 merfolk avatars
  7 anacondas
  A satyr (Shoals:2)
  8 death yaks
  2 death knights
  4 tengu warriors
  6 two-headed ogres
  5 orc high priests
  Urug (Lair:2)
  8 shock serpents
  Nergalle (Lair:2)
  8 naga sharpshooters
  A skeletal warrior (D:15)
  8 sea snakes
  A flayed ghost (D:14)
  3 unseen horrors
  A wizard (Lair:6)
  A salamander mystic (Snake:3)
  2 naga ritualists (Snake:3)
  14 harpies
  Pikel (D:4)
  5 orc sorcerers (Orc:2)
  11 fauns
  A phantasmal warrior (D:15)
  11 ugly things
  A wolf spider (D:14)
  3 orc knights (Orc:2)
  11 mana vipers
  14 manticores
  A deep elf mage (D:12)
  7 salamanders
  4 cyclopes
  2 guardian serpents
  4 water nymphs
  4 merfolk sirens
  8 naga magi
  22 black mambas
  4 gargoyles
  6 elephants (Lair:6)
  2 orange demons (Lair:6)
  16 spiny frogs
  3 centaur skeletons
  2 freezing wraiths (D:15)
  4 rime drakes (Lair:6)
  15 komodo dragons
  2 kobold demonologists
  A redback zombie (D:13)
  2 ice devils (Lair:6)
  2 red devils (Lair:6)
  2 tengu conjurers
  27 merfolk
  A hellwing (Lair:6)
  6 trolls
  A jumping spider (shapeshifter) (D:15)
  A hornet (D:11)
  19 hippogriffs
  Grinder (D:6)
  3 polar bears
  4 snapping turtles
  Prince Ribbit (D:6)
  12 blink frogs
  6 slime creatures
  6 dream sheep (Lair:6)
  A wind drake (Shoals:2)
  9 water elementals
  Sigmund (D:4)
  A vampire (D:15)
  60 yaks
  8 wraiths
  4 wyverns
  4 fire elementals
  Eustachio (D:4)
  3 hungry ghosts
  Grum (D:9)
  A yak (shapeshifter) (D:15)
  3 fire bats (Volcano)
  4 vampire mosquitoes
  5 basilisks
  Menkaure (D:6)
  5 wargs
  2 acid dragons
  36 nagas
  13 porcupines
  A meliai simulacrum (D:14)
  10 hell hounds
  18 water moccasins
  37 orc warriors
  A phantom (D:10)
  8 ice beasts
  4 sky beasts
  3 ogres
  3 boggarts (D:15)
  A necrophage (D:14)
  30 wolves
  11 centaurs
  10 crocodiles
  4 big kobolds
  Blork the orc (D:6)
  19 bullfrogs
  A gnoll sergeant (Orc:1)
  3 wyvern skeletons
  8 scorpions
  6 wights
  A howler monkey (D:10)
  9 crimson imps
  2 bullfrog zombies
  A quasit (D:10)
  3 centaur zombies
  7 hounds
  An iron imp (D:7)
  2 jellies
  27 orc priests
  34 orc wizards
  3 bullfrog skeletons
  An iguana (D:7)
  Natasha (D:2)
  10 worker ants
  2 killer bee zombies
  A hound zombie (D:12)
  A hound skeleton (D:6)
  A mummy (D:7)
  A worker ant zombie (D:10)
  A howler monkey skeleton (D:5)
  A gnoll (D:11)
  20 adders
  4 shadow imps
  An ooze (D:4)
  2 adder zombies
  An adder skeleton (D:6)
  4 worms
  4 leopard geckos
  118 orcs
  12 bats
  6 giant cockroaches
  9 hobgoblins
  6 jackals
  46 kobolds
  4 quokkas
  2 ball pythons
  6 frilled lizards
  15 goblins
  A goblin skeleton (D:7)
  2 goblin zombies (D:7)
  2 hobgoblin zombies (D:7)
  2 kobold skeletons (D:7)
  2 kobold zombies (D:7)
  A leopard gecko skeleton (D:6)
  An orc skeleton (D:7)
  2 orc zombies (D:7)
  9 rats
  A fungus (Lair:6)
  3 plants
  4 tentacles
1143 creatures vanquished.

Vanquished Creatures (others)
  A hell hog (Volcano)
  2 fauns
  A water elemental (Shoals:1)
  A steam dragon (Volcano)
  3 centaurs
  2 kobolds (Bailey)
  28 fungi
  31 plants
  70 tentacles
139 creatures vanquished.

Grand Total: 1282 creatures vanquished

Notes
Turn   | Place    | Note
-------+----------+-------------------------------------------
     0 | D:1      | skittles the Draconian Fire Elementalist began the quest for the Orb.
     0 | D:1      | Reached XP level 1. HP: 14/14 MP: 3/3
   382 | D:1      | Reached XP level 2. HP: 14/22 MP: 0/5
   870 | D:1      | Reached skill level 1 in Fighting
  1085 | D:2      | Reached XP level 3. HP: 28/28 MP: 6/6
  1708 | D:3      | Learned a level 3 spell: Conjure Flame
  2070 | D:2      | Reached XP level 4. HP: 29/36 MP: 2/7
  2413 | D:2      | Noticed Natasha
  2420 | D:2      | Killed Natasha
  3112 | D:3      | Reached XP level 5. HP: 37/42 MP: 4/8
  3789 | D:3      | Reached XP level 6. HP: 50/50 MP: 7/9
  3949 | D:4      | Noticed Eustachio
  4024 | D:4      | Killed Eustachio
  4348 | D:4      | Noticed Pikel
  4349 | D:4      | Noticed a slave
  4393 | D:4      | Noticed a slave
  4410 | D:3      | Learned a level 4 spell: Sticky Flame
  4571 | D:4      | Noticed Sigmund
  4580 | D:4      | Killed Sigmund
  4580 | D:4      | Your scales start taking on a dull iron-grey colour.
  4580 | D:4      | Reached XP level 7. HP: 49/57 MP: 3/10
  4580 | D:4      | Gained mutation: You can survive without breathing. [Grey Draconian growth]
  4730 | D:4      | Reached skill level 5 in Fire Magic
  4868 | D:4      | Found a staircase to the Ecumenical Temple.
  4877 | Temple   | Entered the Ecumenical Temple
  5027 | Temple   | Became a worshipper of Vehumet
  5294 | D:4      | Killed Pikel
  5294 | D:4      | Reached skill level 5 in Conjurations
  5294 | D:4      | Reached XP level 8. HP: 54/67 MP: 7/11
  5471 | D:5      | Entered Level 5 of the Dungeon
  5489 | D:5      | Reached skill level 5 in Fighting
  5562 | D:5      | Reached skill level 5 in Dodging
  5723 | D:5      | Found Loamol's Assorted Antiques.
  5727 | D:5      | Bought a scroll labeled GUECOI UTURCHA for 23 gold pieces
  5727 | D:5      | Bought a scroll labeled GUECOI UTURCHA for 23 gold pieces
  5727 | D:5      | Bought a scroll labeled GUECOI UTURCHA for 23 gold pieces
  5727 | D:5      | Bought a scroll labeled GUECOI UTURCHA for 23 gold pieces
  5780 | D:5      | Got a warped dagger
  5781 | D:5      | Identified the +6 dagger "Emekhlet" {pierce, *Drain rN+ Int+3 Stlth+} (You found it on level 5 of the Dungeon)
  6034 | D:5      | Reached * piety under Vehumet
  6034 | D:5      | Offered knowledge of Shock by Vehumet.
  6298 | D:5      | Found a stormy altar of Qazlal.
  6471 | D:6      | Noticed Menkaure
  6745 | D:6      | Reached XP level 9. HP: 73/75 MP: 6/12
  6842 | D:6      | Noticed Prince Ribbit
  6845 | D:6      | Killed Menkaure
  6857 | D:6      | Killed Prince Ribbit
  7092 | D:6      | Noticed Grinder
  7139 | D:6      | Killed Grinder
  7187 | D:6      | Noticed Blork the orc
  7202 | D:6      | Killed Blork the orc
  7301 | D:6      | Found a transporter.
  7305 | D:6      | Noticed a centaur warrior
  7310 | D:6      | Found a transporter.
  7320 | D:6      | Found a glowing silver altar of Zin.
  7438 | D:7      | Reached ** piety under Vehumet
  7443 | D:7      | Offered knowledge of Throw Frost by Vehumet.
  8002 | D:7      | Offered knowledge of Static Discharge by Vehumet.
  8093 | D:7      | Found a glowing golden altar of the Shining One.
  8122 | D:7      | Reached *** piety under Vehumet
  8331 | D:7      | Found a snail-covered altar of Cheibriados.
  9117 | D:8      | Reached XP level 10. HP: 86/86 MP: 16/16
  9294 | D:8      | Found a staircase to the Lair.
  9355 | D:8      | Offered knowledge of Ignite Poison by Vehumet.
  9653 | Lair:1   | Entered Level 1 of the Lair of Beasts
  9881 | Lair:1   | Noticed a spiny frog
  9905 | Lair:1   | Killed a spiny frog
 10026 | Lair:1   | Noticed Fannar
 10158 | Lair:1   | Noticed a black mamba
 10219 | Lair:1   | Learned a level 5 spell: Fireball
 10222 | Lair:1   | Learned a level 2 spell: Blink
 10276 | Lair:1   | Killed Fannar
 10276 | Lair:1   | Reached skill level 5 in Spellcasting
 10585 | Lair:1   | Noticed a spiny frog
 10597 | Lair:1   | Killed a spiny frog
 10841 | Lair:1   | Killed a black mamba
 11114 | D:9      | Noticed a two-headed ogre
 11136 | D:9      | Killed a two-headed ogre
 11136 | D:9      | Reached XP level 11. HP: 37/95 MP: 5/19
 11767 | D:9      | Noticed a two-headed ogre
 11783 | D:9      | Killed a two-headed ogre
 11846 | D:9      | Noticed Grum
 11856 | D:9      | Killed Grum
 12022 | D:9      | Found an ancient bone altar of Kikubaaqudgha.
 12022 | D:9      | Found a stormy altar of Qazlal.
 12177 | D:10     | Entered Level 10 of the Dungeon
 12306 | D:10     | Reached **** piety under Vehumet
 12458 | D:10     | Found a large runed door.
 12459 | D:10     | Found a large runed door.
 13036 | D:10     | Offered knowledge of Throw Icicle by Vehumet.
 13297 | D:10     | Noticed a centaur warrior
 13410 | D:10     | Killed a centaur warrior
 13484 | D:10     | Found a staircase to the Orcish Mines.
 13514 | D:10     | Noticed a tengu warrior
 13526 | D:10     | Killed a tengu warrior
 13945 | D:10     | Noticed a fire giant
 13957 | D:10     | Learned a level 4 spell: Throw Icicle
 13962 | D:10     | Noticed a yaktaur captain
 14295 | D:10     | Found a stormy altar of Qazlal.
 14298 | D:10     | Found a snail-covered altar of Cheibriados.
 14545 | Lair:2   | Noticed Urug
 14562 | Lair:2   | Killed Urug
 14562 | Lair:2   | Reached skill level 1 in Shields
 14577 | Lair:2   | Found a frozen archway.
 14578 | Lair:2   | Noticed Nergalle
 14589 | Lair:2   | Killed Nergalle
 14616 | Lair:2   | Reached skill level 1 in Maces & Flails
 14646 | Lair:2   | Reached XP level 12. HP: 72/106 MP: 22/22
 14684 | Lair:2   | Found a dark tunnel.
 14708 | Volcano  | Entered a volcano
 14936 | Volcano  | Noticed a hell hog
 14950 | Volcano  | Killed a hell hog
 15279 | Volcano  | Noticed a fire dragon
 15297 | Volcano  | Killed a fire dragon
 15297 | Volcano  | Reached skill level 2 in Maces & Flails
 15730 | Lair:2   | Reached skill level 10 in Fighting
 16240 | Lair:2   | Found a staircase to the Snake Pit.
 16246 | Lair:2   | Reached skill level 10 in Fire Magic
 17016 | Lair:3   | Reached skill level 3 in Maces & Flails
 17144 | Lair:3   | Reached ***** piety under Vehumet
 17381 | Lair:3   | Offered knowledge of Bolt of Fire by Vehumet.
 17389 | Lair:3   | Learned a level 6 spell: Bolt of Fire
 17711 | Lair:4   | Reached skill level 4 in Maces & Flails
 17768 | Lair:4   | Found a staircase to the Shoals.
 17898 | Lair:4   | Noticed a six-headed hydra
 17908 | Lair:4   | Reached skill level 5 in Maces & Flails
 17912 | Lair:4   | Killed a six-headed hydra
 17913 | Lair:4   | Noticed an eight-headed hydra
 17926 | Lair:4   | Killed an eight-headed hydra
 17926 | Lair:4   | Reached skill level 6 in Maces & Flails
 18161 | Lair:4   | Noticed Gorglomux's ghost (journeyman DDAK)
 18193 | Lair:4   | Killed Gorglomux's ghost
 18193 | Lair:4   | Reached XP level 13. HP: 13/114 MP: 22/24
 18392 | Lair:4   | Reached skill level 7 in Maces & Flails
 18847 | Lair:4   | Reached skill level 8 in Maces & Flails
 19286 | Lair:5   | Reached skill level 9 in Maces & Flails
 19750 | Lair:5   | Reached skill level 10 in Maces & Flails
 20000 | Lair:5   | Identified the Guide on Evil and Poison
 20356 | Lair:6   | Entered Level 6 of the Lair of Beasts
 20594 | Lair:6   | Reached skill level 11 in Maces & Flails
 20749 | Lair:6   | Found a staircase to the Slime Pits.
 20750 | Lair:6   | Found a viscous altar of Jiyva.
 20854 | Lair:6   | Reached skill level 12 in Maces & Flails
 20970 | Lair:6   | Offered knowledge of Poison Arrow by Vehumet.
 21200 | Lair:6   | Reached XP level 14. HP: 83/122 MP: 14/25
 21507 | Lair:5   | Reached skill level 13 in Maces & Flails
 22746 | Lair:6   | Reached skill level 14 in Maces & Flails
 23110 | Lair:6   | Found a burning altar of Makhleb.
 24220 | Lair:6   | Found a gateway to Hell.
 24593 | D:10     | Killed a fire giant
 24604 | D:10     | Reached skill level 15 in Maces & Flails
 24905 | D:11     | Offered knowledge of Iron Shot by Vehumet.
 24922 | D:11     | Learned a level 6 spell: Iron Shot
 24922 | D:11     | Reached XP level 15. HP: 128/128 MP: 26/26
 25310 | D:11     | Noticed Josephine
 25321 | D:11     | Killed Josephine
 26673 | D:13     | Found Liskaill's Antique Armour Shoppe.
 27190 | D:13     | Offered knowledge of Bolt of Cold by Vehumet.
 27519 | D:14     | Found a flagged portal.
 27543 | Bailey   | Entered a bailey
 27669 | Bailey   | Found a bloodstained altar of Trog.
 27772 | D:14     | Found a gate to the Vaults.
 27794 | D:14     | Reached XP level 16. HP: 103/135 MP: 7/27
 28199 | D:14     | Noticed a tengu reaver
 28697 | D:13     | Killed a tengu reaver
 28697 | D:13     | Reached skill level 16 in Maces & Flails
 28829 | D:14     | Reached skill level 10 in Earth Magic
 29192 | D:14     | Reached skill level 10 in Conjurations
 29325 | D:14     | Got a pitted trident
 29330 | D:14     | Identified the cursed +2 trident of Destiny {pain, rF- SInv Stlth+} (You found it on level 14 of the Dungeon)
 29381 | D:14     | Found an iron altar of Okawaru.
 29953 | D:15     | Entered Level 15 of the Dungeon
 30019 | D:15     | Found an iron altar of Okawaru.
 30035 | D:15     | Noticed Azrael
 30283 | D:14     | Killed Azrael
 30686 | D:15     | Noticed a storm dragon
 30688 | D:15     | a storm dragon changed into something unseen
 32172 | D:15     | Offered knowledge of Freezing Cloud by Vehumet.
 32464 | D:15     | Reached skill level 10 in Dodging
 33117 | D:15     | Found a staircase to the Depths.
 33454 | Lair:1   | Learned a level 3 spell: Conjure Flame
 33456 | Lair:1   | Learned a level 1 spell: Apportation
 33456 | Lair:1   | Gained mutation: Your magical capacity is low. (-10% MP) [potion of mutation]
 33456 | Lair:1   | Gained mutation: Your spells are a little easier to cast, but a little less powerful. [potion of mutation]
 33456 | Lair:1   | Gained mutation: Your muscles are strong. (Str +2) [potion of mutation]
 33457 | Lair:1   | Lost mutation: Your spells are a little easier to cast, but a little less powerful. [potion of mutation]
 33457 | Lair:1   | Lost mutation: Your magical capacity is low. (-10% MP) [potion of mutation]
 33457 | Lair:1   | Lost mutation: Your muscles are strong. (Str +2) [potion of mutation]
 33457 | Lair:1   | Gained mutation: You can translocate small distances at will. [potion of mutation]
 33457 | Lair:1   | Gained mutation: Your spells are a little harder to cast, but a little more powerful. [potion of mutation]
 33460 | Lair:1   | Upgraded the game from 0.20.0-7-g3b7b877 to 0.20.0-8-g6b59dc7
 33553 | Orc:1    | Entered Level 1 of the Orcish Mines
 34139 | Orc:2    | Entered Level 2 of the Orcish Mines
 34186 | Orc:2    | Found a staircase to the Elven Halls.
 34597 | Orc:2    | Found Ighopp's Assorted Antiques.
 35646 | Orc:2    | Offered knowledge of Ozocubu's Refrigeration by Vehumet.
 35652 | Orc:2    | Reached XP level 17. HP: 130/146 MP: 21/30
 35762 | Orc:2    | Found Tanug's General Store.
 35763 | Orc:2    | Found Xucuvo's Book Shop.
 35764 | Orc:2    | Found Quutos's Antique Armour Shop.
 35764 | Orc:2    | Found Huwnovvi's Antique Weapon Boutique.
 36007 | Elf:1    | Entered Level 1 of the Elven Halls
 36168 | Snake:1  | Entered Level 1 of the Snake Pit
 36181 | Snake:1  | HP: 3/146 [shock serpent (13)]
 37440 | Snake:1  | Found Afa Rov's Food Shop.
 41480 | Snake:3  | Reached skill level 10 in Spellcasting
 41794 | Snake:3  | Offered knowledge of Conjure Ball Lightning by Vehumet.
 41852 | Snake:3  | Noticed Aizul
 41865 | Snake:3  | Killed Aizul
 43961 | Shoals:1 | Entered Level 1 of the Shoals
 44151 | Shoals:1 | Identified a scroll of acquirement
 44154 | Shoals:1 | Got an ichor-stained cloak
 44165 | Shoals:1 | Identified the +1 cloak of Boengafang {rPois MP-9 Str+4} (You acquired it on level 1 of the Shoals)
 44224 | Shoals:1 | Noticed Louise
 44251 | Shoals:1 | Killed Louise
 45006 | Shoals:1 | Found Sutoxt's Assorted Antiques.
 45159 | Shoals:1 | Reached XP level 18. HP: 156/156 MP: 23/32
 47466 | Shoals:2 | Noticed Frances
 47470 | Shoals:2 | Got a faintly glowing rapier
 47761 | Shoals:1 | Killed Frances
 48069 | Shoals:2 | Reached ****** piety under Vehumet
 50059 | Shoals:3 | Offered knowledge of Lehudib's Crystal Spear by Vehumet.
 50059 | Shoals:3 | Offered knowledge of Shatter by Vehumet.
 50059 | Shoals:3 | Offered knowledge of Tornado by Vehumet.
 50559 | Shoals:3 | Slain by an alligator snapping turtle

Skill      XL: |  1  2  3  4  5  6  7  8  9 10 11 12 13 14 15 16 17 18 |
---------------+-------------------------------------------------------+-----
Dodging        | 2 3 4 5 6 7 8 9 10 11 12 | 12.0
Fighting       | 1 2 3 4 5 7 8 9 10 11 12 13 | 13.2
Conjurations   | 2 3 4 5 7 8 9 10 12 | 12.8
Fire Magic     | 4 5 6 7 8 9 10 11 | 11.5
Spellcasting   | 4 5 7 9 10 | 10.8
Shields        | 1 4 |  4.0
Maces & Flails | 1 6 12 15 16 | 16.0
Earth Magic    | 6 9 11 12 13 | 13.9
Stealth        | |  1.7

Action                   |  1- 3 |  4- 6 |  7- 9 | 10-12 | 13-15 | 16-18 || total
-------------------------+-------+-------+-------+-------+-------+-------++-------
Melee: Dagger            |   100 |    72 |   376 |   308 |       |       ||   856
       Unarmed           |     9 |       |       |       |       |       ||     9
       Tailslap          |    11 |    12 |    51 |    47 |    63 |   133 ||   317
       War axe           |       |    29 |     5 |       |       |       ||    34
       Morningstar       |       |       |    67 |       |       |       ||    67
       Eveningstar       |       |       |       |   215 |   571 |  1143 ||  1929
       Trident           |       |       |       |    11 |       |     3 ||    14
       Shillelagh        |       |       |       |       |       |    73 ||    73
 Cast: Flame Tongue      |    34 |    83 |    82 |   132 |   122 |   397 ||   850
       Conjure Flame     |       |     1 |     2 |     6 |    10 |     6 ||    25
       Sticky Flame      |       |       |    11 |    73 |   131 |   159 ||   374
       Fireball          |       |       |       |     9 |    18 |    53 ||    80
       Throw Icicle      |       |       |       |    14 |    39 |    10 ||    63
       Blink             |       |       |       |     3 |     2 |     2 ||     7
       Bolt of Fire      |       |       |       |       |     9 |    57 ||    66
       Iron Shot         |       |       |       |       |       |    24 ||    24
  Use: Scroll            |       |       |    11 |    14 |     8 |    19 ||    52
       Potion            |       |       |       |     4 |     1 |     9 ||    14
 Stab: Sleeping          |     6 |       |     9 |     5 |     2 |     3 ||    25
  Eat: Chunk             |     4 |     3 |    16 |    34 |    43 |    63 ||   163
       Meat ration       |       |     1 |       |     2 |       |     2 ||     5
       Royal jelly       |       |     1 |     1 |       |       |     8 ||    10
       Fruit             |       |       |       |     7 |    14 |    18 ||    39
       Bread ration      |       |       |       |       |       |     4 ||     4
Armor: Skin              |    44 |    76 |   151 |   243 |   163 |   497 ||  1174
Dodge: Dodged            |   102 |   164 |   358 |   777 |   511 |  1100 ||  3012
Block: Buckler           |       |       |       |   164 |   275 |   540 ||   979
       Reflection        |       |       |       |     4 |    14 |    55 ||    73
